 Dungeon Crawl Stone Soup version 0.17.1-3-g152610e (webtiles) character file.

69 Stendarr the Firebug (level 4, -7/39 HPs)
             Began as a Troll Fire Elementalist on Apr 12, 2016.
             Mangled by a gnoll
             ... wielding a +0 halberd
              (12 damage)
             ... on level 2 of the Dungeon.
             The game lasted 00:06:22 (1303 turns).

Stendarr the Firebug (Troll Fire Elementalist)      Turns: 1303, Time: 00:06:22

Health: -7/39      AC:  5    Str: 16    XL:     4   Next: 2%
Magic:  2/4        EV:  4    Int: 12    God:
Gold:   79         SH:  0    Dex: 10    Spells: 1 memorised, 4 levels left

rFire  . . .     SeeInvis .     (no weapon)
rCold  . . .     Clarity  .     a - +0 robe
rNeg   . . .     SustAt   .     (no shield)
rPois  .         Gourm    +     (helmet restricted)
rElec  .         Spirit   .     (no cloak)
rCorr  .         Warding  .     (gloves unavailable)
rMut   .         Stasis   .     (boots unavailable)
MR     .....                    (no amulet)
Stlth  +.........               (no ring)
                                (no ring)

@: not resistant to hostile enchantments, very unstealthy
A: unfitting armour, claws 3, fast metabolism 3, gourmand, regeneration 2,
shaggy fur 1, tough skin 2
a: no special abilities


You were on level 2 of the Dungeon.
You were full.

You visited 1 branch of the dungeon, and saw 2 of its levels.

You collected 79 gold pieces.

Inventory:

Missiles
 i - 4 needles of sleeping
Armour
 a - a +0 robe (worn)
Jewellery
 e - an uncursed amulet of stasis
Scrolls
 d - a scroll of fear {unknown}
 g - a scroll of blinking {unknown}
 h - a scroll of fog {unknown}
 j - a scroll of identify {unknown}
 k - a scroll of remove curse {unknown}
 o - a scroll of enchant weapon {unknown}
 r - a scroll of recharging {unknown}
Potions
 f - a potion of degeneration {unknown}
 l - a potion of lignification {unknown}
 m - 2 potions of magic {unknown}
 n - 2 potions of heal wounds {unknown}
 s - a potion of invisibility {unknown}
 t - a potion of curing {unknown}
 u - a potion of brilliance {unknown}
Books
 b - a book of Flames

   Spells                             Type                      Level
   a - Flame Tongue                   Conjuration/Fire             1
   b - Throw Flame                    Conjuration/Fire             2
   c - Conjure Flame                  Conjuration/Fire             3
   d - Inner Flame                    Hexes/Fire                   3
   e - Sticky Flame                   Conjuration/Fire             4
   f - Fireball                       Conjuration/Fire             5
Comestibles
 c - 3 bread rations
 p - a meat ration
 q - a slice of pizza


   Skills:
 - Level 1.5 Dodging
 - Level 1.1 Stealth
 - Level 1.2 Spellcasting
 * Level 2.3 Conjurations
 + Level 2.7 Fire Magic


You had 4 spell levels left.
You knew the following spells:

 Your Spells              Type           Power        Failure   Level  Hunger
a - Flame Tongue          Conj/Fire      #....        12%         1    ##.....


Dungeon Overview and Level Annotations

Branches:
Dungeon (2/15)

Altars:


Innate Abilities, Weirdness & Mutations

You are too large for most types of armour.
You have claws for hands.
Your metabolism is lightning-fast.
You like to eat raw meat.
You heal very quickly.
You are covered in fur (AC +1).
You have very tough skin (AC +2).


Message History

Press: ? - help, Shift-Dir - straight line, f - hound, p - hound
Aim: a hound The flame tongue hits the hound.
The hound is moderately wounded.
The hound closely misses you.
The gnoll hits you from afar with a halberd!
* * * LOW HITPOINT WARNING * * *
The hound bites you.
* * * LOW HITPOINT WARNING * * *
The hound bites you but does no damage. The hound barely misses you.
The hound bites you but does no damage. The hound barely misses you.
The hound bites you.
* * * LOW HITPOINT WARNING * * *
There is a stone staircase leading up here.
The hound bites you.
* * * LOW HITPOINT WARNING * * *
The gnoll hits you from afar with a halberd!
You die...

#.# ###.###.##### #.# #.#
#..## ##....# #.# #.#
#.#.###.###.# #.# #.#
#.##.#.## #########.# #.#
#.###.## +...#....#
#.#####.##...### #...###..#
#......#.......# +.. ##...#
#######.##h..#####'###....#
#...#gh@...P.P..#...#
###g#####........#.## #...#
##.#.##.....#### #.#.#
#...##.........
#.#h####.####.#...####
#.#....h.# #.##.##
#.######.####.##.#
#.######.........#
#....(....###.####


You could see 2 hounds and a gnoll.

Vanquished Creatures
  4 adders (D:2)
  A worm (D:2)
  A giant gecko (D:1)
  A giant cockroach (D:1)
  4 goblins
  2 hobgoblins
  3 jackals (D:2)
  A quokka (D:2)
  3 bats
  A giant newt (D:2)
  5 kobolds
  3 rats
29 creatures vanquished.

Notes
Turn   | Place    | Note
--------------------------------------------------------------
     0 | D:1      | Stendarr the Troll Fire Elementalist began the quest for the Orb.
     0 | D:1      | Reached XP level 1. HP: 16/16 MP: 1/1
    56 | D:1      | Reached skill level 1 in Conjurations
   281 | D:1      | Reached XP level 2. HP: 24/24 MP: 2/2
   887 | D:2      | Reached XP level 3. HP: 28/31 MP: 0/3
  1190 | D:2      | Reached XP level 4. HP: 39/39 MP: 2/4
  1303 | D:2      | Mangled by a gnoll

Action                   |  1- 3 |  4- 6 || total
-------------------------+-------+-------++-------
Melee: Unarmed           |    90 |     4 ||    94
 Cast: Flame Tongue      |    14 |     5 ||    19
 Stab: Sleeping          |     2 |       ||     2
  Eat: Chunk             |    15 |       ||    15
